 Dungeon Crawl Stone Soup version 0.29.1-1-gd02db6906a (webtiles) character file.

Game seed: 1619409371153468483

11 tardwrangler69 the Digger (level 2, -1/17 HPs)
             Began as an Octopode Earth Elementalist on Oct 5, 2022.
             Slain by Robin
             ... wielding a +0 dagger of venom
              (4 damage)
             ... on level 1 of the Dungeon.
             The game lasted 00:00:41 (774 turns).

tardwrangler69 the Digger (OpEE)                     Turns: 774, Time: 00:00:42

Health: -1/17      AC:  1    Str:  7    XL:     2   Next: 29%
Magic:  2/5        EV: 13    Int: 17    God:
Gold:   38         SH:  0    Dex: 12    Spells: 4/5 levels left

rFire   . . .      SeeInvis .   (no weapon)
rCold   . . .      Faith    .   (no shield)
rNeg    . . .      Spirit   .   (helmet restricted)
rPois   .          Reflect  .   (no amulet)
rElec   .          Harm     .   (no ring)
rCorr   .          Rampage  .   (no ring)
Will    .....                   (no ring)
Stlth   +++.......              (no ring)
HPRegen 0.05/turn               (no ring)
MPRegen 0.09/turn               (no ring)
                                (no ring)
                                (no ring)

@: lethally poisoned (-1 -> -3)
A: almost no armour, amphibious, 8 rings, camouflage 1, gelatinous body 1,
(nimble swimmer 1), tentacles
a: no special abilities


You were on level 1 of the Dungeon.
You visited 1 branch of the dungeon, and saw 2 of its levels.

You collected 38 gold pieces.

Inventory:

Scrolls
 b - a scroll of brand weapon {unknown}
 c - 2 scrolls of teleportation {unknown}
 d - a scroll of poison {unknown}
 e - 3 scrolls of identify {unknown}
 f - a scroll of vulnerability {unknown}
 g - a scroll of fog {unknown}
Potions
 a - a potion of magic


   Skills:
 - Level 2.0 Dodging
 - Level 2.6 Stealth
 + Level 2.4 Spellcasting
 - Level 1.0 Transmutations
 + Level 3.3 Earth Magic


You had 4 spell levels left.
You knew the following spells:

 Your Spells              Type           Power      Damage    Failure   Level
a - Sandblast             Erth           26%        2d8       4%          1

Your spell library contained the following spells:

 Spells                   Type           Power      Damage    Failure   Level
 Passwall                 Tmut/Erth      7%         N/A       12%         2
 Magic Dart               Conj           8%         1d3       19%         1
 Call Imp                 Summ           2%         N/A       28%         2
 Stone Arrow              Conj/Erth      14%        3d7       28%         3
 Mephitic Cloud           Conj/Pois/Air  2%         N/A       50%         3
 Petrify                  Tmut/Erth      9%         N/A       58%         4


Dungeon Overview and Level Annotations

Branches:
Dungeon (2/15)

Altars:

Annotations:
D:1 Robin


Innate Abilities, Weirdness & Mutations

You cannot wear most types of armour.
You are amphibious.
You can wear up to eight rings at the same time.
Your skin changes colour to match your surroundings (Stealth+).
Your rubbery body absorbs attacks. (AC +1, EV +1)
((You are camouflaged when in or above water. (Stealth+)))
You have tentacles for arms and can constrict up to eight enemies at once.


Message History

Robin says, "Feeling lonely?"
Casting: Sandblast (safe; 4% risk of failure)
Confirm with . or Enter, or press ? or * to list all spells.
Aiming: Sandblast (safe; 4% risk of failure)
Press: ? - help, Shift-Dir - straight line, f - hobgoblin
Aim: a hobgoblin (strong, 82% to hit)
The blast of sand hits the hobgoblin.
The hobgoblin is moderately wounded.
The hobgoblin barely misses you. The hobgoblin attacks as you move away!
The hobgoblin closely misses you.
The hobgoblin no longer looks unusually strong.
A goblin comes into view. It is wielding a +0 dagger.
There is a stone staircase leading up here.
The goblin no longer looks unusually strong.
The hobgoblin hits you. Robin closely misses you.
You climb upwards.
There is a stone staircase leading down here.
Casting: Sandblast (safe; 4% risk of failure)
Confirm with . or Enter, or press ? or * to list all spells.
Aiming: Sandblast (safe; 4% risk of failure)
Press: ? - help, Shift-Dir - straight line, f - hobgoblin
Aim: a hobgoblin (lightly wounded, 82% to hit)
The blast of sand hits the hobgoblin!
You kill the hobgoblin!
Robin barely misses you. Robin attacks as you move away!
Robin barely misses you. Robin attacks as you move away!
Robin hits you with a +0 dagger of venom.
You are poisoned.
You feel very sick.
You feel sick.
You feel sick.
* * * LOW HITPOINT WARNING * * *
You feel sick.
* * * LOW HITPOINT WARNING * * *
You feel sick.
* * * LOW HITPOINT WARNING * * *
You feel sick. Robin attacks as you move away!
Robin hits you with a +0 dagger of venom.
You die...

#<## #..## ###
##...###≈# #....#≈≈≈#
#####..~≈≈≈≈≈#
##≈≈≈~≈≈~~≈≈###
#≈≈≈~≈≈≈~..##
#≈≈##.......#
####....@...##
#....g....##
#..........###########
#..........##......##.
#..................##.
###.......###......##.
###...### #......##.
##.##[# #......##.
#....###......##.


You could see Robin.

Vanquished Creatures
  2 ball pythons
  A bat (D:1)
  A giant cockroach (D:2)
  4 goblins
  A hobgoblin (D:1)
9 creatures vanquished.

Notes
Turn   | Place    | Note
-------+----------+-------------------------------------------
     0 | D:1      | tardwrangler69 the Octopode Earth Elementalist began the
                  | quest for the Orb.
     0 | D:1      | Reached XP level 1. HP: 11/11 MP: 3/3
   739 | D:2      | Noticed Robin
   742 | D:2      | Reached XP level 2. HP: 17/17 MP: 3/5
   774 | D:1      | Slain by Robin

Illustrated notes

Levels and vault maps discovered:
D:1:      eino_arrival_cavern_b, layout_basic
D:2:      layout_basic, ebering_ecumenical_altar_webs, basic_altar, uniq_robin

Action                   || total
-------------------------++-------
Melee: Unarmed           ||     1
 Cast: Sandblast         ||    10
Dodge: Dodged            ||     5
